AoeStats
← Nefurious Weasel

Arabia

510439822Analyzed
1v1 RM · 2d ago on Oct 1, 2026· 41m 45s· 2 players
Game mode
Random Map
Map size
Tiny (2 player)
Population
200
Speed
Normal
Resources
Standard
Victory
Conquest
Starting age
Dark Age
Ending age
Imperial Age
RankedLock teamsTeams togetherTeam positionsShared explorationLock speedFull tech treeHidden civsTurbo modeCheats
Victory
Defeat
🇲🇽 Mongols · Mexico
733
+16
🇺🇸 Teutons · United States
738
-38
iD Grohl
0:31 Loom
11:18 Feudal Age
11:45 Double-Bit Axe
11:46 Horse Collar
13:08 Gold Mining
14:03 Stone Mining
17:48 Wheelbarrow
21:50 Castle Age
21:07 Town Watch
22:29 Fletching
24:01 Heavy Plow
24:18 Bow Saw
26:48 Padded Archer Armor
28:11 Gold Shaft Mining
28:35 Ballistics
29:37 Stone Shaft Mining
29:25 Leather Archer Armor
30:10 Hand Cart
29:53 Murder Holes
30:45 Fortified Wall
31:35 Husbandry
32:04 Bodkin Arrow
33:00 Bloodlines
36:34 Imperial Age
34:44 Nomads
34:59 Scale Barding Armor
35:05 Forging
34:47 Light Cavalry
35:40 Masonry
35:35 Scale Mail Armor
36:41 Thumb Ring
37:21 Iron Casting
37:07 Chain Barding Armor
37:40 Conscription
38:25 Chemistry
37:29 Bracer
39:34 Blast Furnace
38:54 Elite Skirmisher
40:08 Sappers
41:34 Drill
Nefurious Weasel
6:56 Loom
12:55 Feudal Age
22:00 Castle Age
23:49 Fletching
24:21 Double-Bit Axe
25:52 Bow Saw
25:14 Pikeman
29:04 Forging
36:32 Imperial Age
34:21 Gold Mining
34:22 Stone Mining
34:49 Bodkin Arrow
35:10 Forging
35:12 Scale Barding Armor
35:34 Bodkin Arrow
37:43 Crenellations
39:39 Hoardings
39:50 Hoardings
39:39 Conscription
39:00 Cavalier
Connection lost

Rejoining the realm…

Still unreachable

The connection could not be restored.

Session expired

The server has moved on; the page needs a fresh start.